 Dungeon Crawl Stone Soup version 0.21.1-1-g345015f (webtiles) character file.

81 Supreme the Conjurer (level 4, -5/24 HPs)
             Began as a Deep Elf Conjurer on Apr 10, 2018.
             Killed from afar by an orc wizard (6 damage)
             ... with a magic dart
             ... on level 4 of the Dungeon.
             The game lasted 00:13:22 (1743 turns).

Supreme the Conjurer (Deep Elf Conjurer)            Turns: 1743, Time: 00:13:22

Health: -5/24      AC:  2    Str:  5    XL:     4   Next: 19%
Magic:  1/11       EV: 13    Int: 21    God:
Gold:   112        SH:  0    Dex: 15    Spells: 7/10 levels left

rFire    . . .     SeeInvis .   d - +0 dagger
rCold    . . .     Gourm    .   (no shield)
rNeg     . . .     Faith    .   a - +0 robe
rPois    .         Spirit   .   (no helmet)
rElec    .         Reflect  .   (no cloak)
rCorr    .         Harm     .   (no gloves)
MR       .....                  (no boots)
Stlth    ++........             (no amulet)
HPRegen  0.08/turn              (no ring)
MPRegen  0.12/turn              (no ring)

@: no status effects
A: no striking features
a: no special abilities


You were on level 4 of the Dungeon.
You were not hungry.

You visited 1 branch of the dungeon, and saw 4 of its levels.

You collected 112 gold pieces.

Inventory:

Hand Weapons
 d - a +0 dagger (weapon)
 e - a +0 whip
 n - a +0 spear
 t - a +0 morningstar
Armour
 a - a +0 robe (worn)
 h - a cursed +0 ring mail
Scrolls
 f - 2 scrolls of magic mapping {unknown}
 g - 3 scrolls of remove curse {unknown}
 j - 4 scrolls of identify {unknown}
 k - a scroll of enchant weapon {unknown}
 m - a scroll of teleportation {unknown}
 o - a scroll of amnesia {unknown}
 p - a scroll of blinking {unknown}
Potions
 i - 2 potions of brilliance {unknown}
 l - a potion of mutation {unknown}
 q - 3 potions of agility {unknown}
 r - a potion of curing {unknown}
Books
 b - a book of Conjurations

   Spells                             Type                      Level
   a - Magic Dart                     Conjuration                  1
   b - Searing Ray                    Conjuration                  2
   c - Dazzling Spray                 Conjuration/Hexes            3
   d - Fulminant Prism                Conjuration/Hexes            4
   e - Force Lance                    Conjuration/Translocation    4
   f - Iskenderun's Mystic Blast      Conjuration                  4
Comestibles
 c - 3 rations
 s - 3 chunks of flesh


   Skills:
 + Level 2.6 Dodging
 - Level 3.0 Stealth
 + Level 3.7 Spellcasting
 + Level 5.7 Conjurations


You had 7 spell levels left.
You knew the following spells:

 Your Spells              Type           Power        Failure   Level  Hunger
a - Magic Dart            Conj           ####         1%          1    None
b - Searing Ray           Conj           ####..       1%          2    ##.....


Dungeon Overview and Level Annotations

Branches:
Dungeon (4/15)
 Temple: D:4-7

Altars:


Message History

The orc wizard gestures at you while chanting.
The magic dart hits you!
* * * LOW HITPOINT WARNING * * *
An ogre comes into view. It is wielding a giant spiked club.
Quiver which item? (- for none, * to show all) (? for menu, Esc to quit)
Okay, then.
Okay, then.
Found 14 bolts.
The worker ant twitches its antennae in your direction.
An ogre and a howler monkey come into view.
A frilled lizard comes into view.
The howler monkey howls!
The orc suddenly cheers.
The howler monkey hoots and howls with incredible vigour!
The orc wizard shouts!
Found a scroll labeled CIQAKU LUNKA.
The ogre shouts!
The orc wizard points at you and mumbles some strange words.
The magic dart hits you!
You die...

#.####o#####..
# #.# ##.####a#
..h..h..#######
#####o(.....?..
#.#l######.
#Oo.# #.### #@#
#..!...........
##############.
#########
....(....
########. #< #.
#.


You could see an ogre, a howler monkey, an orc wizard, an orc and a frilled
lizard.

Vanquished Creatures
  A gnoll (D:1)
  An adder (D:3)
  3 oozes
  A leopard gecko (D:3)
  4 orcs (D:3)
  A giant cockroach (D:3)
  3 goblins
  5 hobgoblins
  2 jackals (D:2)
  2 ball pythons
  4 bats
  5 frilled lizards
  5 kobolds
  12 rats
49 creatures vanquished.

Notes
Turn   | Place    | Note
-------+----------+-------------------------------------------
     0 | D:1      | Supreme the Deep Elf Conjurer began the quest for the Orb.
     0 | D:1      | Reached XP level 1. HP: 10/10 MP: 6/6
    52 | D:1      | Reached XP level 2. HP: 15/15 MP: 0/8
    56 | D:1      | Learned a level 2 spell: Searing Ray
   148 | D:1      | Reached skill level 5 in Conjurations
   295 | D:1      | Reached XP level 3. HP: 7/19 MP: 6/9
  1607 | D:3      | Reached XP level 4. HP: 24/24 MP: 5/11
  1733 | D:4      | HP: 1/24 [orc wizard/magic dart (8)]
  1734 | D:4      | Noticed an ogre
  1737 | D:4      | Noticed an ogre
  1743 | D:4      | Killed from afar by an orc wizard

Skill      XL: |  1  2  3 |
---------------+----------+-----
Conjurations   | 5 |  5.7
Stealth        | 3 |  3.0
Dodging        | |  2.6
Spellcasting   | |  3.7

Action                   |  1- 3 |  4- 6 || total
-------------------------+-------+-------++-------
Melee: Dagger            |     2 |     1 ||     3
       Unarmed           |     1 |       ||     1
 Cast: Magic Dart        |    81 |    20 ||   101
 Stab: Sleeping          |     2 |     1 ||     3
  Eat: Chunk             |     1 |     1 ||     2
Armor: Robe              |     3 |       ||     3
Dodge: Dodged            |     5 |       ||     5
